 Dungeon Crawl Stone Soup version 0.31-a0-210-gccc998df9b (webtiles) character file.

Game seed: 15624052141752220371

10 kae the Insei (level 2, -5/21 HPs)
             Began as a Demonspawn Transmuter on June 30, 2023.
             Slain by a gnoll
             ... wielding a +0 flail
              (13 damage)
             ... on level 1 of the Dungeon.
             The game lasted 00:00:28 (407 turns).

kae the Insei (Demonspawn Transmuter)                Turns: 407, Time: 00:00:28

Health: -5/21      AC:  2    Str: 10    XL:     2   Next: 10%
Magic:  1/5        EV: 12    Int: 14    God:
Gold:   31         SH:  0    Dex: 13    Spells: 4/5 levels left

rFire   . .          .
                       - Unarmed
rCold   . . .        (no shield)
rNeg    . . .        a - +0 robe
rPois   .            (helmet currently unavailable)
rElec   .            (no cloak)
rCorr   .            (no gloves)
SInv    .            (boots currently unavailable)
Will    .....        (no amulet)
Stlth   +            (no ring)
HPRegen 0.23/turn    (no ring)
MPRegen 0.09/turn

%: no passive effects
@: brilliant, appendages (expiring), attractive, hasted, very quick
A: horns 2, talons 2
a: End Transformation


You were on level 1 of the Dungeon.
You had temporarily grown beastly horns and talons.
You visited 1 branch of the dungeon, and saw 1 of its levels.

You collected 31 gold pieces.


Innate Abilities, Weirdness & Mutations

You have temporarily grown beastly horns and talons.


   Skills:
 - Level 1.0 Fighting
 - Level 1.7 Dodging
 + Level 2.8 Unarmed Combat
 + Level 2.1 Spellcasting
 * Level 2.2 Transmutations


You had 4 spell levels left.
You knew the following spells:

 Your Spells              Type           Power      Damage    Failure   Level
a - Beastly Appendage     Tmut           22%        N/A       10%         1

Your spell library contained the following spells:

 Spells                   Type           Power      Damage    Failure   Level
 Wereblood                Tmut           11%        N/A       14%         2
 Spider Form              Tmut/Pois      6%         N/A       41%         3
 Ice Form                 Ice/Tmut       6%         N/A       83%         4

Inventory:

Missiles
 f - 6 silver javelins
Armour
 a - a +0 robe (worn)
Scrolls
 g - 2 scrolls of noise {unknown}
Potions
 b - a potion of lignification {!q}
 c - a potion of brilliance

Dungeon Overview and Level Annotations

Branches:
Dungeon (1/15) Zot: 5597

Altars:

####.### +.##... #.....#
#.....+ #.....# # #.....#
.."#.##.....#
.8..........##########.
.S)#.........ยงg@.......
#....##.##########....#
#....##.#.... #....#......
.......##.#.#.. #....#......
###....##.#.#.######....#......
#######.#.#...........#..##.#
#.#.#...........#..##.#
#.#.....#.............#
#.####..........##....#


You could see a gnoll.


Message History

You lost 1 mp, and now have 2/3 mp.
You hit the rat.
You kill the rat!
No target in view!
h - a blue potion No target in view!
No target in view!
Your transformation is almost over.
Your horns disappear.
Your talons disappear.
Key pressed, stopping explore.
g - 2 scrolls labelled JYMOSOA ZEOST (gained 1)
A kobold comes into view. It is wielding a +0 whip. ๐Ÿ˜Ž MP[+1]
Your mp is fully restored (3).
A kobold is nearby!
A kobold is nearby!
A quokka comes into view.
The kobold shouts!
You hear a shout!
You hear an angry hiss.
A ball python comes into view.
A gnoll comes into view. It is wielding a +0 flail.
Casting: Beastly Appendage (safe; 10% risk of failure)
Confirm with . or Enter, or press ? or * to list all spells.
You miscast Beastly Appendage.
You are very lightly contaminated with residual magic.
Nothing appears to happen. ๐Ÿ˜Ž MP[-1]
You lost 1 mp, and now have 2/3 mp.
The kobold throws a stone.
The stone misses you.
Your magical contamination has completely faded away.
Okay, then.
It was a potion of brilliance.
You feel clever all of a sudden.
It was a potion of haste.
You feel yourself speed up. The quokka completely misses you.
It was a potion of curing.
You feel better. The quokka bites you. ๐Ÿ˜• HP[-2]
You take 2 damage, and now have 13/15 hp.
It was a potion of attraction.
You feel attractive to monsters.
The quokka bites you. ๐Ÿ˜ฎ HP[-4] MP[+1]
You take 4 damage, and now have 9/15 hp.
MASSIVE DAMAGE!! (PAUSE)
Your mp is fully restored (3).
Casting: Beastly Appendage (safe; 10% risk of failure)
Confirm with . or Enter, or press ? or * to list all spells.
You feel a surge of power!
You miscast Beastly Appendage.
You are very lightly contaminated with residual magic.
Nothing appears to happen.
The quokka barely misses you. ๐Ÿ˜ฎ HP[+1] MP[-1]
You lost 1 mp, and now have 2/3 mp.
Casting: Beastly Appendage (safe; 10% risk of failure)
Confirm with . or Enter, or press ? or * to list all spells.
You feel a surge of power!
You grow a pair of large bovine horns.
Your feet morph into talons.
The quokka bites you.
The quokka closely misses you. ๐Ÿ˜ฎ HP[-2] MP[-1]
You take 2 damage, and now have 8/15 hp.
You lost 1 mp, and now have 1/3 mp.
Unknown command.
You closely miss the quokka. Your kick misses the quokka.
Your headbutt misses the quokka.
Your transformation is almost over.
You miss the quokka. The quokka barely misses you.
You hit the quokka. You claw the quokka.
You kill the quokka!
The kobold is attracted toward you. The gnoll is attracted toward you.
You have reached level 2!
Your demonic ancestry asserts itself...
Your mutations feel more permanent. ๐Ÿ˜ฎ HP[+4]
You now have 21 max hp (+6).
You regained 4 hp, and now have 12/21 hp.
You hit the ball python. The ball python bites you. The ball python grabs you.
The ball python constricts you. ๐Ÿ˜ฎ HP[-1]
You take 1 damage, and now have 11/21 hp.
You barely miss the ball python. You claw the ball python.
You kill the ball python!
The kobold is attracted toward you. The gnoll is attracted toward you.
You completely miss the kobold. Your kick misses the kobold.
The kobold hits you with a +0 whip.
* * * LOW HITPOINT WARNING * * *
Unknown command. ๐Ÿ˜จ HP[-4]
You take 4 damage, and now have 7/21 hp.
You hit the kobold but do no damage. Your kick misses the kobold.
The kobold completely misses you.
Unknown command.
You hit the kobold. You claw the kobold, but do no damage.
You headbutt the kobold.
You kill the kobold!
Your magical contamination has completely faded away.
The gnoll is attracted toward you.
You hit the gnoll. The gnoll hits you with a +0 flail!
Ouch! That really hurt!
You die...

Skill      XL: |  1 |
---------------+----+-----
Transmutations | 2 |  2.2
Fighting       | |  1.0
Dodging        | |  1.7
Unarmed Combat | |  2.8
Spellcasting   | |  2.1

Action                     || total
---------------------------++-------
  Melee: Unarmed           ||    18
         Kick              ||     9
         Punch             ||     1
         Headbutt          ||     1
   Cast: Beastly Appendage ||     5
    Use: Potion            ||     4
 Armour: Robe              ||     2
  Dodge: Dodged            ||    11

Levels and vault maps discovered:
D:1:      nagdon_arrival_double_spiral, layout_basic,
          dreamdust_ecumenical_altar_grove,
          nicolae_concentric_dashed_squares_wild, minmay_split_cup_large

Notes
Turn   | Place    | Note
-------+----------+-------------------------------------------
     0 | D:1      | kae the Demonspawn Transmuter began the quest for the Orb.
     0 | D:1      | Reached XP level 1. HP: 15/15 MP: 3/3
     0 | D:1      | magus.rc [v1.11.3]
    98 | D:1      | Reached skill level 2 in Transmutations
   402 | D:1      | Mutation became permanent: You have a pair of small horns
                  | on your head. [demonic ancestry]
   402 | D:1      | Gained mutation: You have a pair of horns on your head.
                  | [demonic ancestry]
   402 | D:1      | Reached XP level 2. HP: 12/21 MP: 1/5
   407 | D:1      | Slain by a gnoll

Vanquished Creatures
  An endoplasm (D:1)
  A giant cockroach (D:1)
  2 goblins (D:1)
  A kobold (D:1)
  A quokka (D:1)
  A ball python (D:1)
  A frilled lizard (D:1)
  A rat (D:1)
9 creatures vanquished.

Table legend:
 A = Non-vault XP
 B = Vault XP
 C = Vault XP percentage of total XP
 D = Non-vault monster count
 E = Vault monster count
 F = Vault count percentage of total count
                 A         B        C        D         E       F
            +---------+---------+-------+---------+---------+-------
      Total |      10 |       5 |  33.3 |       6 |       3 |  33.3
            +---------+---------+-------+---------+---------+-------
        D:1 |      10 |       5 |  33.3 |       6 |       3 |  33.3
            +---------+---------+-------+---------+---------+-------

Skill      XL: |  1 |
---------------+----+-----
Transmutations | 2 |  2.2
Fighting       | |  1.0
Dodging        | |  1.7
Unarmed Combat | |  2.8
Spellcasting   | |  2.1

Action                     || total
---------------------------++-------
  Melee: Unarmed           ||    18
         Kick              ||     9
         Punch             ||     1
         Headbutt          ||     1
   Cast: Beastly Appendage ||     5
    Use: Potion            ||     4
 Armour: Robe              ||     2
  Dodge: Dodged            ||    11

Illustrated notes

Table legend:
 A = Kills in this place as a percentage of kills in the entire game.
 B = Kills by you in this place as a percentage of kills by you in the entire game.
 C = Kills by friends in this place as a percentage of kills by friends in the entire game.
 D = Other kills in this place as a percentage of other kills in the entire game.
 E = Experience gained in this place as a percentage of experience gained in the entire game.
 F = Experience gained in this place divided by the number of levels of this place that you have seen.
                   A       B       C       D       E      F
               +-------+-------+-------+-------+-------+----------------------
         Total | 100.0 | 100.0 |   N/A |   N/A | 100.0 |  15.0
       Dungeon | 100.0 | 100.0 |   N/A |   N/A | 100.0 |  15.0
               +-------+-------+-------+-------+-------+----------------------

Table legend: (Time is in decaauts)
 A = Elapsed time spent in this place.
 B = Non-inter-level travel time spent in this place.
 C = Inter-level travel time spent in this place.
 D = Time resting spent in this place.
 E = Time spent auto-exploring this place.
 F = Levels seen in this place.
 G = Mean time per level.
                   A        B        C        D        E       F      G
               +--------+--------+--------+--------+--------+-----+--------+
         Total |    401 |    401 |      0 |      0 |    338 |   1 |  401.0 |
       Dungeon |    401 |    401 |      0 |      0 |    338 |   1 |  401.0 |
               +--------+--------+--------+--------+--------+-----+--------+

Top non-repeatable levels by time:
     D:1: 401 daAuts
